| TOP OF THE 1ST |
|
Philadelphia Phillies batting - Pitching for Montreal Expos : LHP Frank Riccelli
|
|
Pitching: LHP Frank Riccelli
|
|
|
Batting: LHB Tony Gwynn
|
0-0: Called Strike 0-1: Swinging Strike 0-2: Ball 1-2: Ball 2-2: Ball 3-2: Ground out 4-3 (Groundball, 4D, EV 85.6 MPH)
|
|
Batting: RHB Andy Ramirez
|
0-0: Called Strike 0-1: Ball 1-1: Fly out, F9 (Flyball, 9LM, EV 97.5 MPH)
|
|
Batting: RHB Paul Molitor
|
0-0: Called Strike 0-1: Ball 1-1: Foul Ball, location: 2F 1-2: DOUBLE (Popup, 5D, EV 46.3 MPH)
|
|
Batting: RHB Candy Maldonado
|
0-0: Ball 1-0: Ball 2-0: Ball 3-0: Called Strike 3-1: Reached on error, E6 (Groundball, 6M, EV 76.9 MPH) Paul Molitor to third
|
|
Batting: RHB Dan Thomas
|
0-0: Ball 1-0: Foul Ball, location: 2F 1-1: Ball 2-1: Called Strike 2-2: Foul Ball, location: 2F 2-2: Ball Candy Maldonado steals 2nd base (no throw) 3-2: Strikes out swinging
|
| Top of the 1st over - 0 runs, 1 hit, 1 error, 2 left on base; Philadelphia 0 - Montreal 0 |
| BOTTOM OF THE 1ST |
|
Montreal Expos batting - Pitching for Philadelphia Phillies : LHP Jon Matlack
|
|
Pitching: LHP Jon Matlack
|
|
|
Batting: LHB Duane Walker
|
0-0: Ball 1-0: Foul Ball, location: 2F 1-1: Called Strike 1-2: Ball 2-2: Ball 3-2: Fly out, F8 (Flyball, 8RM, EV 95.6 MPH)
|
|
Batting: SHB Garry Templeton
|
0-0: Ball 1-0: Ball 2-0: Called Strike 2-1: Foul Ball, location: 2F 2-2: Strikes out looking
|
|
Batting: RHB Dale Murphy
|
0-0: Swinging Strike 0-1: Ball 1-1: Called Strike 1-2: Ball 2-2: Ball 3-2: SINGLE (Groundball, 56D, EV 93.8 MPH)
|
|
Batting: RHB Dave Winfield
|
0-0: Called Strike 0-1: Ball Pickoff Throw to First - Out! 1-3
|
| Bottom of the 1st over - 0 runs, 1 hit, 0 errors, 0 left on base; Philadelphia 0 - Montreal 0 |
| TOP OF THE 2ND |
|
Philadelphia Phillies batting - Pitching for Montreal Expos : LHP Frank Riccelli
|
|
Batting: RHB Tony Pena
|
0-0: SOLO HOME RUN (Flyball, 7LD, EV 93.8 MPH), Distance : 353 ft
|
|
Batting: LHB Lou Whitaker
|
0-0: Called Strike 0-1: Fly out, F6 (Flyball, 56D, EV 84.4 MPH)
|
|
Batting: LHB Andy Guerrero
|
0-0: Called Strike 0-1: Swinging Strike 0-2: Ball 1-2: Ball 2-2: Ball 3-2: Base on Balls
|
|
Batting: LHB Jon Matlack
|
0-0: Bunt - Flyout to 23! F3
|
|
Batting: LHB Tony Gwynn
|
0-0: Swinging Strike 0-1: Ball 1-1: Ball 2-1: Called Strike 2-2: Fly out, F7 (Line Drive, 7S, EV 105.6 MPH)
|
| Top of the 2nd over - 1 run, 1 hit, 0 errors, 1 left on base; Philadelphia 1 - Montreal 0 |
| BOTTOM OF THE 2ND |
|
Montreal Expos batting - Pitching for Philadelphia Phillies : LHP Jon Matlack
|
|
Batting: RHB Dave Winfield
|
0-0: Ball 1-0: Swinging Strike 1-1: Ball 2-1: SINGLE (Groundball, 56S, EV 68.1 MPH) (infield hit)
|
|
Batting: LHB Guonçalo Fernandes
|
0-0: Ball 1-0: Called Strike 1-1: Ground out 6-3 (Groundball, 56D, EV 97.5 MPH) Dave Winfield to second
|
|
Batting: SHB Alex Ortiz
|
0-0: Called Strike 0-1: Swinging Strike 0-2: Ball 1-2: Ground out 4-3 (Groundball, 4S, EV 68.1 MPH) Dave Winfield to third
|
|
Batting: LHB Ernesto Quevedo
|
0-0: Called Strike 0-1: Called Strike 0-2: Ball 1-2: Ball 2-2: Hit by Pitch
|
|
Batting: SHB Biff Pocoroba
|
0-0: Ball 1-0: Fly out, F8 (Flyball, 8RM, EV 88.1 MPH)
|
| Bottom of the 2nd over - 0 runs, 1 hit, 0 errors, 2 left on base; Philadelphia 1 - Montreal 0 |
| TOP OF THE 3RD |
|
Philadelphia Phillies batting - Pitching for Montreal Expos : LHP Frank Riccelli
|
|
Batting: RHB Andy Ramirez
|
0-0: SINGLE (Line Drive, 4M, EV 97.5 MPH)
|
|
Batting: RHB Paul Molitor
|
0-0: Ball Andy Ramirez steals 2nd base 1-0: Called Strike 1-1: Ground out 4-3 (Groundball, 4, EV 86.9 MPH) Andy Ramirez to third
|
|
Batting: RHB Candy Maldonado
|
0-0: Called Strike 0-1: SINGLE (Flyball, 34D, EV 88.1 MPH) Andy Ramirez scores
|
|
Batting: RHB Dan Thomas
|
0-0: Called Strike 0-1: Grounds into double play, 6-4-3 (Groundball, 6, EV 102.5 MPH)
|
| Top of the 3rd over - 1 run, 2 hits, 0 errors, 0 left on base; Philadelphia 2 - Montreal 0 |
| BOTTOM OF THE 3RD |
|
Montreal Expos batting - Pitching for Philadelphia Phillies : LHP Jon Matlack
|
|
Batting: LHB Frank Riccelli
|
0-0: Ground out 4-3 (Groundball, 4, EV 91.3 MPH)
|
|
Batting: LHB Duane Walker
|
0-0: Called Strike 0-1: Ball 1-1: Ball 2-1: Ball 3-1: Base on Balls
|
|
Batting: SHB Garry Templeton
|
0-0: Ball 1-0: Fielders Choice at 2nd, 3-6 (Groundball, 23, EV 85.0 MPH)
|
|
Batting: RHB Dale Murphy
|
0-0: Ball 1-0: Ball 2-0: Ball 3-0: Base on Balls Garry Templeton to second
|
|
Batting: RHB Dave Winfield
|
0-0: Swinging Strike 0-1: Ball 1-1: TRIPLE (Flyball, 78XD, EV 97.5 MPH) Garry Templeton scores Dale Murphy scores
|
|
Batting: LHB Guonçalo Fernandes
|
0-0: Called Strike 0-1: Ball 1-1: Called Strike 1-2: Ball Wild Pitch! Dave Winfield scores 2-2: SINGLE (Line Drive, 6MD, EV 106.9 MPH)
|
|
Batting: SHB Alex Ortiz
|
0-0: Called Strike 0-1: Ball 1-1: Fielders Choice at 2nd, 6-4 (Groundball, 6, EV 102.5 MPH)
|
| Bottom of the 3rd over - 3 runs, 2 hits, 0 errors, 1 left on base; Philadelphia 2 - Montreal 3 |
| TOP OF THE 4TH |
|
Philadelphia Phillies batting - Pitching for Montreal Expos : LHP Frank Riccelli
|
|
Batting: RHB Tony Pena
|
0-0: Ground out 6-3 (Groundball, 6, EV 88.8 MPH)
|
|
Batting: LHB Lou Whitaker
|
0-0: Foul Ball, location: 2F 0-1: Fly out, F8 (Flyball, 78XD, EV 88.8 MPH)
|
|
Batting: LHB Andy Guerrero
|
0-0: Ball 1-0: Called Strike 1-1: Foul Ball, location: 2F 1-2: Ball 2-2: Ball 3-2: Foul Ball, location: 2F 3-2: Strikes out swinging
|
| Top of the 4th over - 0 runs, 0 hits, 0 errors, 0 left on base; Philadelphia 2 - Montreal 3 |
| BOTTOM OF THE 4TH |
|
Montreal Expos batting - Pitching for Philadelphia Phillies : LHP Jon Matlack
|
|
Batting: LHB Ernesto Quevedo
|
0-0: Ball 1-0: Ball 2-0: Ball 3-0: Called Strike 3-1: Foul Ball, location: 2F 3-2: Foul Ball, location: 2F 3-2: Ground out 4-3 (Groundball, 4, EV 83.1 MPH)
|
|
Batting: SHB Biff Pocoroba
|
0-0: Ball 1-0: Called Strike 1-1: Ground out 5-3 (Groundball, 56, EV 106.9 MPH)
|
|
Batting: LHB Frank Riccelli
|
0-0: Foul Ball, location: 2F 0-1: Ball 1-1: Ball 2-1: Swinging Strike 2-2: Ball 3-2: Strikes out swinging
|
| Bottom of the 4th over - 0 runs, 0 hits, 0 errors, 0 left on base; Philadelphia 2 - Montreal 3 |
| TOP OF THE 5TH |
|
Philadelphia Phillies batting - Pitching for Montreal Expos : LHP Frank Riccelli
|
|
Batting: LHB Jon Matlack
|
0-0: Ball 1-0: Fly out, F8 (Flyball, 78D, EV 82.5 MPH)
|
|
Batting: LHB Tony Gwynn
|
0-0: Called Strike 0-1: Ball 1-1: Foul Ball, location: 2F 1-2: Fly out, F6 (Popup, 6, EV 62.5 MPH)
|
|
Batting: RHB Andy Ramirez
|
0-0: SOLO HOME RUN (Flyball, 7D, EV 95.6 MPH), Distance : 362 ft
|
|
Batting: RHB Paul Molitor
|
0-0: Foul Ball, location: 2F 0-1: Fly out, F8 (Flyball, 8RXD, EV 95.0 MPH)
|
| Top of the 5th over - 1 run, 1 hit, 0 errors, 0 left on base; Philadelphia 3 - Montreal 3 |
| BOTTOM OF THE 5TH |
|
Montreal Expos batting - Pitching for Philadelphia Phillies : LHP Jon Matlack
|
|
Batting: LHB Duane Walker
|
0-0: Ball 1-0: Called Strike 1-1: Ball 2-1: Ground out 4-3 (Groundball, 34, EV 109.4 MPH)
|
|
Batting: SHB Garry Templeton
|
0-0: Bunt for hit to 25 - play at first, batter safe!
|
|
Batting: RHB Dale Murphy
|
0-0: Swinging Strike 0-1: Ball Garry Templeton is caught stealing 2nd base 2-4 1-1: Ball 2-1: Swinging Strike 2-2: Foul Ball, location: 2F 2-2: Strikes out swinging
|
| Bottom of the 5th over - 0 runs, 1 hit, 0 errors, 0 left on base; Philadelphia 3 - Montreal 3 |
| TOP OF THE 6TH |
|
Philadelphia Phillies batting - Pitching for Montreal Expos : LHP Frank Riccelli
|
|
Batting: RHB Candy Maldonado
|
0-0: Ball 1-0: Ball 2-0: Swinging Strike 2-1: Ground out 5-3 (Groundball, 56S, EV 88.1 MPH)
|
|
Batting: RHB Dan Thomas
|
0-0: Foul Ball, location: 2F 0-1: Ball 1-1: Swinging Strike 1-2: Ball 2-2: Ball 3-2: Base on Balls
|
|
Batting: RHB Tony Pena
|
0-0: Swinging Strike 0-1: Fly out, F8 (Flyball, 8LS, EV 73.1 MPH)
|
|
Batting: LHB Lou Whitaker
|
0-0: Foul Ball, location: 2F 0-1: Ball 1-1: Called Strike 1-2: Ball 2-2: Ball 3-2: Base on Balls Dan Thomas to second
|
|
Batting: LHB Andy Guerrero
|
0-0: Swinging Strike 0-1: Called Strike 0-2: Hit by Pitch Dan Thomas to third Lou Whitaker to second
|
|
Batting: LHB Jon Matlack
|
0-0: Called Strike 0-1: Foul Ball, location: 2F 0-2: Ball 1-2: Ball 2-2: Ball 3-2: Strikes out swinging
|
| Top of the 6th over - 0 runs, 0 hits, 0 errors, 3 left on base; Philadelphia 3 - Montreal 3 |
| BOTTOM OF THE 6TH |
|
Montreal Expos batting - Pitching for Philadelphia Phillies : LHP Jon Matlack
|
|
Batting: RHB Dave Winfield
|
0-0: Called Strike 0-1: Ground out 5-3 (Groundball, 5, EV 91.3 MPH)
|
|
Batting: LHB Guonçalo Fernandes
|
0-0: Ball 1-0: Ball 2-0: Ball 3-0: Called Strike 3-1: Called Strike 3-2: Foul Ball, location: 2F 3-2: Base on Balls
|
|
Batting: SHB Alex Ortiz
|
0-0: Ball 1-0: Called Strike 1-1: Called Strike 1-2: Ball 2-2: SINGLE (Line Drive, 7S, EV 105.6 MPH) Guonçalo Fernandes to second
|
|
Batting: LHB Ernesto Quevedo
|
0-0: Fielders Choice at 2nd, 4-6 (Groundball, 4, EV 80.0 MPH) Guonçalo Fernandes to third
|
|
Batting: SHB Biff Pocoroba
|
0-0: Ball 1-0: Ground out 5-3 (Groundball, 56S, EV 64.4 MPH)
|
| Bottom of the 6th over - 0 runs, 1 hit, 0 errors, 2 left on base; Philadelphia 3 - Montreal 3 |
| TOP OF THE 7TH |
|
Philadelphia Phillies batting - Pitching for Montreal Expos : LHP Frank Riccelli
|
|
Batting: LHB Tony Gwynn
|
0-0: Swinging Strike 0-1: Ball 1-1: Ball 2-1: Ball 3-1: Called Strike 3-2: Foul Ball, location: 2F 3-2: Fly out, F9 (Flyball, 9S, EV 85.0 MPH)
|
|
Batting: RHB Andy Ramirez
|
0-0: Called Strike 0-1: Fly out, F8 (Flyball, 8LM, EV 93.1 MPH)
|
|
Batting: RHB Paul Molitor
|
0-0: Swinging Strike 0-1: Ball 1-1: Ball 2-1: Ground out 4-3 (Groundball, 34, EV 105.6 MPH)
|
| Top of the 7th over - 0 runs, 0 hits, 0 errors, 0 left on base; Philadelphia 3 - Montreal 3 |
| BOTTOM OF THE 7TH |
|
Montreal Expos batting - Pitching for Philadelphia Phillies : LHP Jon Matlack
|
|
Batting: LHB Frank Riccelli
|
0-0: Ball 1-0: Ball 2-0: Ground out 4-3 (Groundball, 34, EV 105.6 MPH)
|
|
Batting: LHB Duane Walker
|
0-0: Foul Ball, location: 2F 0-1: Swinging Strike 0-2: Ball 1-2: Fly out, F6 (Popup, 6, EV 75.0 MPH)
|
|
Batting: SHB Garry Templeton
|
0-0: Swinging Strike 0-1: Ball 1-1: Ground out 4-3 (Groundball, 34, EV 95.6 MPH)
|
| Bottom of the 7th over - 0 runs, 0 hits, 0 errors, 0 left on base; Philadelphia 3 - Montreal 3 |
| TOP OF THE 8TH |
|
Philadelphia Phillies batting - Pitching for Montreal Expos : LHP Frank Riccelli
|
|
Batting: RHB Candy Maldonado
|
0-0: Called Strike 0-1: Ball 1-1: Ground out 5-3 (Groundball, 56S, EV 85.0 MPH)
|
|
Batting: RHB Dan Thomas
|
0-0: Ball 1-0: Fly out, F7 (Flyball, 7S, EV 91.3 MPH)
|
|
Batting: RHB Tony Pena
|
0-0: Ball 1-0: Foul Ball, location: 2F 1-1: Ball 2-1: Swinging Strike 2-2: Ball 3-2: Strikes out swinging
|
| Top of the 8th over - 0 runs, 0 hits, 0 errors, 0 left on base; Philadelphia 3 - Montreal 3 |
| BOTTOM OF THE 8TH |
|
Montreal Expos batting - Pitching for Philadelphia Phillies : LHP Jon Matlack
|
|
Pitching: RHP Tom Hume
|
|
|
Now at C: Milt May
|
|
|
Batting: RHB Dale Murphy
|
0-0: Foul Ball, location: 2F 0-1: Foul Ball, location: 2F 0-2: Strikes out swinging
|
|
Batting: RHB Dave Winfield
|
0-0: Ground out 6-3 (Groundball, 6M, EV 84.4 MPH)
|
|
Batting: LHB Guonçalo Fernandes
|
0-0: Called Strike 0-1: Ball 1-1: Foul Ball, location: 2F 1-2: Foul Ball, location: 2F 1-2: Ball 2-2: Foul Ball, location: 2F 2-2: Foul Ball, location: 2F 2-2: Ball 3-2: Fly out, F8 (Line Drive, 8RM, EV 93.1 MPH)
|
| Bottom of the 8th over - 0 runs, 0 hits, 0 errors, 0 left on base; Philadelphia 3 - Montreal 3 |
| TOP OF THE 9TH |
|
Philadelphia Phillies batting - Pitching for Montreal Expos : LHP Frank Riccelli
|
|
Pinch Hitting: RHB Andre Dawson
|
0-0: Ball 1-0: Fly out, F3 (Line Drive, 3, EV 76.3 MPH)
|
|
Pinch Hitting: RHB Jody Davis
|
0-0: Ball 1-0: Ball 2-0: Ball 3-0: Called Strike 3-1: Fly out, F7 (Flyball, 7D, EV 86.3 MPH)
|
|
Batting: LHB Milt May
|
0-0: Ground out 6-3 (Groundball, 6, EV 80.6 MPH)
|
| Top of the 9th over - 0 runs, 0 hits, 0 errors, 0 left on base; Philadelphia 3 - Montreal 3 |
| BOTTOM OF THE 9TH |
|
Montreal Expos batting - Pitching for Philadelphia Phillies : RHP Tom Hume
|
|
Now at 1B: Jody Davis
|
|
|
Now in RF: Andre Dawson
|
|
|
Pinch Hitting: LHB Kirk Gibson
|
0-0: Ball 1-0: Foul Ball, location: 2F 1-1: Foul Ball, location: 2F 1-2: Ball 2-2: Ground out 4-3 (Groundball, 4, EV 108.1 MPH)
|
|
Batting: LHB Ernesto Quevedo
|
0-0: Foul Ball, location: 2F 0-1: Ground out 4-3 (Groundball, 34, EV 101.9 MPH)
|
|
Pinch Hitting: LHB Timnothy Meyer
|
0-0: Ground out 4-3 (Groundball, 4, EV 106.9 MPH)
|
| Bottom of the 9th over - 0 runs, 0 hits, 0 errors, 0 left on base; Philadelphia 3 - Montreal 3 |
| TOP OF THE 10TH |
|
Philadelphia Phillies batting - Pitching for Montreal Expos : LHP Frank Riccelli
|
|
Now at C: Orlando Sanchez
|
|
|
Now at 2B: Timnothy Meyer
|
|
|
Batting: LHB Tony Gwynn
|
0-0: Swinging Strike 0-1: Ball 1-1: Ball 2-1: Called Strike 2-2: Fly out, F9 (Flyball, 89M, EV 89.4 MPH)
|
|
Batting: RHB Andy Ramirez
|
0-0: Ball 1-0: Called Strike 1-1: Ball 2-1: Ball 3-1: Base on Balls
|
|
Pitching: RHP Rollie Fingers
|
|
|
Now at 3B: Philip Klimas
|
|
|
Batting: RHB Paul Molitor
|
0-0: Called Strike Andy Ramirez steals 2nd base 0-1: Ball 1-1: SINGLE (Groundball, 56S, EV 72.5 MPH) (infield hit) Andy Ramirez to third
|
|
Batting: RHB Candy Maldonado
|
0-0: Called Strike 0-1: Ball Paul Molitor steals 2nd base (no throw) 1-1: Ground out 5-3 (Groundball, 56S, EV 67.5 MPH)
|
|
Pinch Hitting: LHB Terry Bogener
|
0-0: Ball 1-0: Called Strike 1-1: Called Strike 1-2: Ball 2-2: SINGLE (Groundball, 4MD, EV 98.1 MPH) (infield hit) Andy Ramirez scores Paul Molitor to third
|
|
Batting: RHB Tom Hume
|
0-0: Ball 1-0: Called Strike 1-1: SINGLE (Line Drive, 9S, EV 90.6 MPH) Paul Molitor scores Terry Bogener to second Runner from 2nd tries for 3rd, SAFE, throw by RF made to third
|
|
Batting: RHB Andre Dawson
|
0-0: Ball 1-0: Fly out, F7 (Flyball, 7D, EV 107.5 MPH)
|
| Top of the 10th over - 2 runs, 3 hits, 0 errors, 2 left on base; Philadelphia 5 - Montreal 3 |
| BOTTOM OF THE 10TH |
|
Montreal Expos batting - Pitching for Philadelphia Phillies : RHP Tom Hume
|
|
Now at 3B: Terry Lee
|
|
|
Batting: RHB Philip Klimas
|
0-0: Foul Ball, location: 2F 0-1: Ball 1-1: SINGLE (Groundball, 34D, EV 96.3 MPH)
|
|
Batting: LHB Duane Walker
|
0-0: Foul Ball, location: 2F 0-1: Ball 1-1: Fielders Choice at 2nd, 4-6 (Groundball, 34, EV 86.3 MPH)
|
|
Batting: SHB Garry Templeton
|
0-0: Ball 1-0: Ball 2-0: Grounds into double play, 6-4-3 (Groundball, 6, EV 105.0 MPH)
|
| Bottom of the 10th over - 0 runs, 1 hit, 0 errors, 0 left on base; Philadelphia 5 - Montreal 3 |
|